 Dungeon Crawl Stone Soup version 0.30-a0-920-g7493c07aab (webtiles) character file.

Game seed: 13720832659544533369

6163 zenothor the Fighter (level 10, -25/93 (97) HPs)
             Began as a Minotaur Berserker on Mar 22, 2023.
             Was a High Priest of Trog.
             Killed by an exploding kobold brigand (41 damage)
             ... ignited by their inner flame
             ... on level 8 of the Dungeon.
             The game lasted 01:10:37 (7703 turns).

zenothor the Fighter (Minotaur Berserker)           Turns: 7703, Time: 01:10:38

HP:   -25/93 (97)   AC: 15    Str: 26    XL:     10   Next: 60%
MP:   9/9           EV: 10    Int:  4    God:    Trog [*****.]
Gold: 171           SH:  6    Dex: 10    Spells: 9/9 levels left

rFire   . . .      SeeInvis .    i - +2 whip (drain)
rCold   . . .      Faith    .    g - +1 buckler
rNeg    + . .      Spirit   .    c - +0 scale mail
rPois   .          Reflect  .    (helmet restricted)
rElec   .          Rampage  .    (no cloak)
rCorr   +                        C - +2 pair of gloves
Will    .....                    w - +1 pair of boots Stlth
                                 (no amulet)
HPRegen 0.35/turn                M - ring of positive energy
MPRegen 0.11/turn                D - ring of resist corrosion

@: lightly drained
A: horns 2, retaliatory headbutt
a: Renounce Religion, Berserk, Trog's Hand, Brothers in Arms


You were on level 8 of the Dungeon.
You worshipped Trog.
Trog was extremely pleased with you.
You visited 1 branch of the dungeon, and saw 9 of its levels.
You also visited: Sewer.

You collected 451 gold pieces.
You spent 280 gold pieces at shops.

Inventory:

Hand Weapons
 a - a +0 hand axe
 i - a +2 whip of draining (weapon)
 s - a +0 war axe
 t - a +0 vampiric war axe
 B - a +4 battleaxe of freezing
 E - a +0 flail of holy wrath
Missiles
 I - 2 throwing nets
Armour
 b - a +0 animal skin
 c - a +0 scale mail (worn)
 g - a +1 buckler (worn)
 h - a +0 chain mail
 w - a +1 pair of boots (worn)
 C - a +2 pair of gloves (worn)
 J - +0 steam dragon scales
 L - a +1 plate armour of poison resistance
Jewellery
 x - a +6 ring of intelligence
 y - a +6 ring of intelligence
 D - a ring of resist corrosion (right hand)
 M - a ring of positive energy (left hand)
 O - a +6 ring of intelligence
 Q - an amulet of magic regeneration
Wands
 u - a wand of roots (14) (quivered)
 N - a wand of polymorph (3)
 P - a wand of mindburst (7)
Scrolls
 e - 4 scrolls of enchant armour
 j - a scroll of identify
 k - 2 scrolls of butterflies {unknown}
 l - 4 scrolls of teleportation
 n - a scroll of blinking {unknown}
 o - 2 scrolls of brand weapon
 v - a scroll of fear {unknown}
 z - a scroll of immolation
 A - a scroll of poison {unknown}
 G - a scroll of magic mapping {unknown}
Potions
 d - 4 potions of magic
 f - 5 potions of curing
 m - a potion of brilliance {unknown}
 p - a potion of heal wounds {unknown}
 q - 2 potions of invisibility {unknown}
 r - a potion of haste
 F - 3 potions of flight
 K - 2 potions of attraction


   Skills:
 + Level 11.8 Fighting
 + Level 10.4 Axes
 + Level 11.3 Armour
 - Level 2.2 Dodging
 - Level 5.0 Shields


You had 9 spell levels left.
You didn't know any spells.
Your spell library was empty.

Dungeon Overview and Level Annotations

Branches:
Dungeon (9/15)             Temple (0/1) D:7           Sewer (visited)
   Lair: D:8-11         Orc: D:9-12

Altars:
Ashenzari
Fedhas
Sif Muna
Zin

Shops:
D:1 (   D:4 !*

Annotations:
D:3 2 transporters, GigaChad's ghost, amateur FoFi


Innate Abilities, Weirdness & Mutations

You have a pair of horns on your head.
You reflexively headbutt those who attack you in melee.


Message History

The creatures around you are filled with an inner flame!
The eight-headed hydra barely misses you.
The eight-headed hydra completely misses you.
The eight-headed hydra bites you!
The eight-headed hydra barely misses you.
The eight-headed hydra bites you but does no damage.
The eight-headed hydra barely misses you.
You block the eight-headed hydra's attack.
The eight-headed hydra bites you but does no damage.
You block the kobold brigand's attack. The kobold hits you but does no damage.
You hit the kobold.
Flame seeps out of the kobold.
The kobold is moderately wounded.
The eight-headed hydra barely misses you.
The eight-headed hydra bites you!
The eight-headed hydra bites you but does no damage. x3
You block the eight-headed hydra's attack.
The eight-headed hydra bites you but does no damage. x2
You block the kobold brigand's attack.
You hit the kobold. Trog accepts your kill.
The kobold explodes!
The fiery explosion engulfs you!!
The fiery explosion engulfs the kobold!!
Trog accepts your kill.
The fiery explosion engulfs the eight-headed hydra!!!
Flame seeps out of the eight-headed hydra.
The eight-headed hydra is severely wounded.
The tree burns like a torch!
The kobold explodes!
The tree burns like a torch!
The fiery explosion engulfs the eight-headed hydra!!!
Trog accepts your kill.
The eight-headed hydra explodes!
The tree burns like a torch!
The fiery explosion engulfs you!!
* * * LOW HITPOINT WARNING * * *
The fiery explosion engulfs the kobold brigand!!!
Trog accepts your kill.
The kobold brigand explodes!
The fiery explosion engulfs you!!!
You die...

#.........### #.#.....:....
### #.#.......... ..#
######.#.......##. #.#
###########......###..######
#)# #.....................#
#.# #.#########§########..#
#.# #.# ♣....§§§..♣ #.>#
#.####.##♣..♣♣§§@§§♣♣..♣#..#
........# ♣[..§○§.♣ #..#
#.#####.# ♣♣§§§§§♣♣
#..###### #......##
...§§§... #....<... ########
####♣K♣#### ######### ♣♣.♣♣
#.♣.♣.# # ##♣.♣.♣#♣ #..♣..#
# #.♣♣♣.#.♣ .. .. ♣ #
#♣.♣.♣#♣.♣ .♣. #♣.


You could see a kobold (inner flame).

Vanquished Creatures
  A hydra (D:8)
  A two-headed ogre (D:7)
  Joseph (D:8)
  A yaktaur (D:8)
  A meliai (D:8)
  Grinder (D:4)
  A hornet (D:8)
  A shadow (D:7)
  2 wyverns (D:8)
  2 steam dragons
  2 water moccasins
  Pargi (Sewer)
  3 sky beasts
  An orc warrior (D:8)
  An ice beast (D:3)
  An ogre (D:5)
  3 centaurs
  A phantom (D:4)
  2 kobold brigands (D:8)
  8 scorpions
  4 bullfrogs
  9 wights (D:8)
  A killer bee (D:8)
  5 howler monkeys
  3 hounds
  5 orc priests
  3 jellies
  8 orc wizards
  A sleepcap (D:5)
  3 iguanas
  Robin (D:3)
  15 gnolls
  5 adders
  2 shadow imps
  2 ufetubi
  A worm (D:3)
  4 dart slugs
  29 orcs
  12 ball pythons
  4 bats
  7 endoplasms
  9 giant cockroaches
  21 goblins
  12 hobgoblins
  5 jackals
  20 kobolds
  5 quokkas (D:3)
  3 frilled lizards
  10 rats
244 creatures vanquished.

Vanquished Creatures (others)
  A killer bee (D:8)
  2 plants (D:9)
3 creatures vanquished.

Grand Total: 247 creatures vanquished

Notes
Turn   | Place    | Note
-------+----------+-------------------------------------------
     0 | D:1      | zenothor the Minotaur Berserker began the quest for the
                  | Orb.
     0 | D:1      | Reached XP level 1. HP: 19/19 MP: 0/0
   119 | D:1      | Reached XP level 2. HP: 27/27 MP: 1/1
   156 | D:1      | Found a faded altar of an unknown god.
   275 | D:1      | Found Nuprema's Weapon Boutique.
   492 | D:1      | Reached XP level 3. HP: 32/34 MP: 2/2
   863 | D:2      | Reached ** piety under Trog
   903 | D:2      | Reached skill level 1 in Shields
   923 | D:2      | Reached XP level 4. HP: 25/41 MP: 3/3
   928 | D:2      | Reached skill level 5 in Fighting
  1249 | D:2      | Reached XP level 5. HP: 32/48 MP: 4/4
  1814 | D:3      | Reached *** piety under Trog
  1823 | D:3      | Reached XP level 6. HP: 57/57 MP: 5/5
  1880 | D:3      | Found a glowing drain.
  1895 | Sewer    | Entered a sewer
  1913 | Sewer    | Noticed Pargi
  1926 | Sewer    | Killed Pargi
  1927 | Sewer    | Reached skill level 5 in Armour
  2070 | D:3      | Found a transporter.
  2114 | D:3      | Found a transporter.
  2117 | D:3      | Noticed GigaChad's ghost (amateur FoFi)
  2269 | D:3      | Noticed Robin
  2298 | D:3      | Killed Robin
  2672 | D:4      | Reached **** piety under Trog
  2675 | D:4      | Noticed an ice beast
  2702 | D:3      | Killed an ice beast
  2703 | D:3      | Reached XP level 7. HP: 52/64 MP: 6/6
  2982 | D:4      | Reached skill level 5 in Shields
  3206 | D:4      | Found Toruecuq's General Store.
  3288 | D:4      | Found Vagyphed's Distillery.
  3317 | D:4      | Noticed Grinder
  3328 | D:4      | Paralysed by Grinder for 4 turns
  3345 | D:4      | Killed Grinder
  3346 | D:4      | Reached skill level 5 in Axes
  3346 | D:4      | Reached XP level 8. HP: 51/73 MP: 7/7
  3598 | D:5      | Entered Level 5 of the Dungeon
  4018 | D:5      | Found a glowing silver altar of Zin.
  4111 | D:6      | Reached ***** piety under Trog
  5126 | D:6      | Found a broken altar of Ashenzari.
  5269 | D:7      | Reached XP level 9. HP: 83/83 MP: 8/8
  5313 | D:7      | Found a staircase to the Ecumenical Temple.
  5663 | D:7      | Found a blossoming altar of Fedhas.
  6020 | D:7      | Found a shimmering blue altar of Sif Muna.
  6273 | D:8      | Reached skill level 10 in Fighting
  6573 | D:8      | Reached skill level 10 in Armour
  6798 | D:4      | Bought a ring of positive energy for 280 gold pieces
  6849 | D:8      | Noticed a two-headed ogre
  6859 | D:7      | Killed a two-headed ogre
  6860 | D:7      | Reached XP level 10. HP: 62/94 MP: 9/9
  7213 | D:8      | Identified the staff of earth "Duomecin" {Contam rElec
                  | Int+5}
  7273 | D:8      | Reached skill level 10 in Axes
  7288 | D:8      | Noticed Joseph
  7301 | D:8      | Killed Joseph
  7423 | D:8      | Noticed an eight-headed hydra
  7703 | D:8      | Killed an eight-headed hydra
  7703 | D:8      | Killed by an exploding kobold brigand... ignited by their
                  | inner flame

Illustrated notes

Levels and vault maps discovered:
D:1:      ebering_trefoil_3fold, layout_loops_ring,
          ebering_ecumenical_altar_abandoned, serial_shops,
          nicolae_shop_bloodbath_and_beyond
D:2:      cheibrodos_pilgrimage, layout_loops_cross
D:3:      layout_loops_ring, gup_sewer_entry_pipe, gammafunk_ghost_mausoleum,
          uniq_robin
D:4:      layout_loops_cross, serial_shops, nicolae_shop_behind_doors, shop,
          kennysheep_generic_room_6, uniq_grinder
D:5:      layout_rooms, zin_treasury
D:6:      layout_loops_ring, marbit_many_paths
D:7:      layout_cave_pods, mainiacjoe_overflow_alcove_4,
          mainiacjoe_overflow_paths, minmay_temple_entry_from_below_a
D:8:      nzn_winding_woodlands_stair_cross [nzn_winding_woodlands_5x15_eye,
          nzn_winding_woodlands_center_diamonds,
          nzn_winding_woodlands_5x15_sawtooth, nzn_winding_woodlands_hourglass,
          nzn_winding_woodlands_5x5_checkerboard,
          nzn_winding_woodlands_5x15_crooked,
          nzn_winding_woodlands_center_lodge, nzn_winding_woodlands_5x15_cabin],
          layout_loops_ring, kennysheep_okawaru_gauntlet, uniq_joseph
D:9:      layout_stronghold, mainiacjoe_overflow_boulevard,
          kennysheep_generic_room_4, uniq_prince_ribbit1, uniq_pikel,
          uniq_erolcha

Skill      XL: |  1  2  3  4  5  6  7  8  9 10 |
---------------+-------------------------------+-----
Fighting       | 4 5 6 7 9 10 11 | 11.8
Armour         | 3 4 5 6 8 10 11 | 11.3
Shields        | 1 2 3 4 5 |  5.0
Axes           | 5 7 9 10 | 10.4
Dodging        | |  2.2

Action                     |  1- 3 |  4- 6 |  7- 9 | 10-12 || total
---------------------------+-------+-------+-------+-------++-------
  Melee: Hand axe          |    47 |       |       |       ||    47
         Headbutt          |    17 |    19 |    63 |    17 ||   116
         Whip              |    20 |   168 |    16 |     4 ||   208
         War axe           |       |       |   321 |    84 ||   405
    Use: Scroll            |       |     3 |     1 |     7 ||    11
         Potion            |       |       |     2 |       ||     2
   Stab: Sleeping          |     1 |       |       |       ||     1
 Armour: Scale mail        |    16 |    68 |   127 |    58 ||   269
  Dodge: Dodged            |    24 |    63 |   111 |    44 ||   242
  Block: Buckler           |     2 |    32 |    80 |    25 ||   139

Table legend: (Time is in decaauts)
 A = Elapsed time spent in this place.
 B = Non-inter-level travel time spent in this place.
 C = Inter-level travel time spent in this place.
 D = Time resting spent in this place.
 E = Time spent auto-exploring this place.
 F = Levels seen in this place.
 G = Mean time per level.
                   A        B        C        D        E       F      G
               +--------+--------+--------+--------+--------+-----+--------+
         Total |   7820 |   7414 |    406 |    824 |   4400 |  10 |  782.0 |
       Dungeon |   7643 |   7237 |    406 |    824 |   4325 |   9 |  849.2 |
         Sewer |    177 |    177 |      0 |      0 |     75 |   1 |  177.0 |
               +--------+--------+--------+--------+--------+-----+--------+

Top non-repeatable levels by time:
     D:7: 1204 daAuts
     D:6: 1177 daAuts
     D:8: 1021 daAuts
     D:4: 999 daAuts
     D:1: 868 daAuts
     D:2: 827 daAuts
     D:3: 818 daAuts
     D:5: 549 daAuts
   Sewer: 177 daAuts
     D:9: 175 daAuts
